 Dungeon Crawl Stone Soup version 0.29-a0-1027-gcd8c55af63 (webtiles) character file.

Game seed: 7443895786926274928

269 Manisian the Vexing (level 6, 0/47 HPs)
             Began as a Gnoll Arcane Marksman on Aug 13, 2022.
             Slain by Menkaure (23 damage)
             ... in an ossuary.
             The game lasted 00:08:30 (3754 turns).

Manisian the Vexing (Gnoll Arcane Marksman)         Turns: 3754, Time: 00:08:31

Health: 0/47       AC:  3    Str: 10    XL:     6   Next: 22%
Magic:  11/11      EV: 14    Int: 12    God:
Gold:   189        SH:  0    Dex: 14    Spells: 6/11 levels left

rFire   . . .      SeeInvis .   d - +2 sling (freeze)
rCold   . . .      Faith    .   (no shield)
rNeg    . . .      Spirit   .   c - +0 robe
rPois   +          Reflect  .   (no helmet)
rElec   .          Harm     .   h - +0 cloak
rCorr   .          Rampage  .   (no gloves)
Will    .....                   (no boots)
Stlth   ++........              (no amulet)
HPRegen 0.15/turn               i - ring of poison resistance
MPRegen 0.12/turn               n - ring of flight

@: flying
A: fangs 1, strong nose, distributed training
a: no special abilities


You were in an ossuary.
You visited 1 branch of the dungeon, and saw 4 of its levels.
You also visited: Ossuary.

You collected 189 gold pieces.

Inventory:

Hand Weapons
 a - a +1 sling of chaos
 d - a +2 sling of freezing (weapon)
Missiles
 e - a throwing net
 j - 5 javelins
Armour
 c - a +0 robe (worn)
 h - a +0 cloak (worn)
Jewellery
 i - a ring of poison resistance (left hand)
 n - a ring of flight (right hand)
 o - an amulet of faith
Wands
 b - a wand of light (11)
 f - a wand of digging (4)
 p - a wand of mindburst (17)
Scrolls
 k - 4 scrolls of teleportation
 l - 2 scrolls of identify
Potions
 g - 2 potions of curing


   Skills:
 + Level 3.2 Fighting
 + Level 2.0 Short Blades
 + Level 2.0 Long Blades
 + Level 2.0 Axes
 + Level 2.0 Maces & Flails
 + Level 2.0 Polearms
 + Level 2.0 Staves
 + Level 5.0 Ranged Weapons
 + Level 2.0 Throwing
 + Level 2.0 Armour
 + Level 5.0 Dodging
 + Level 2.0 Stealth
 + Level 2.0 Shields
 + Level 2.0 Unarmed Combat
 + Level 3.4 Spellcasting
 + Level 1.5 Conjurations
 + Level 5.6 Hexes
 + Level 1.5 Summonings
 + Level 1.5 Necromancy
 + Level 1.5 Translocations
 + Level 1.5 Transmutations
 + Level 1.5 Fire Magic
 + Level 1.5 Ice Magic
 + Level 1.5 Air Magic
 + Level 1.5 Earth Magic
 + Level 1.5 Poison Magic
 + Level 2.1 Invocations
 + Level 2.0 Evocations


You had 6 spell levels left.
You knew the following spells:

 Your Spells              Type           Power      Damage    Failure   Level
a - Necrotise             Necr           20%        1d5       13%         1
b - Slow                  Hex            60%        N/A       2%          1
c - Portal Projectile     Hex/Tloc       20%        N/A       16%         3

Your spell library contained the following spells:

 Spells                   Type           Power      Damage    Failure   Level
 Apportation              Tloc           10%        N/A       13%         1
 Summon Small Mammal      Summ           20%        N/A       13%         1
 Inner Flame              Hex/Fire       10%        N/A       16%         3
 Cause Fear               Hex            7%         N/A       22%         4
 Stone Arrow              Conj/Erth      10%        3d7       36%         3
 Animate Armour           Summ/Erth      10%        N/A       77%         4
 Lehudib's Crystal Spear  Conj/Erth      2%         10d2      100%        8


Dungeon Overview and Level Annotations

Branches:
Dungeon (4/15)            Ossuary (1/1)
 Temple: D:4-7

Altars:
Wu Jian

Shops:
D:1 [[[   D:3 :

Annotations:
Ossuary Menkaure


Innate Abilities, Weirdness & Mutations

You have very sharp teeth.
Your uncanny sense of smell can sniff out nearby items.
Your experience applies equally to all skills.


Message History

Menkaure casts a spell at you. Pain shoots through your body!
You shoot a sling bullet. The sling bullet hits Menkaure.
The sling bullet freezes Menkaure.
Menkaure is moderately damaged.
Menkaure casts a spell at you. Pain shoots through your body!
You shoot a sling bullet. The sling bullet hits Menkaure.
Menkaure is heavily damaged.
Menkaure barely misses you.
You shoot a sling bullet.
The sling bullet barely misses Menkaure.
The sling bullet hits the mummy.
The mummy is lightly damaged.
Menkaure hits you.
Menkaure gestures ominously.
Menkaure hits you.
You are too injured to fight recklessly!
You are too injured to fight recklessly!
Sorry, you're not good enough to have a special ability.
Sorry, you're not good enough to have a special ability.
Unknown command.
Unknown command.
Press: ? - help, v - describe, . - travel
Here: Menkaure (heavily damaged, fast)
The floor.
Fire: d) +2 sling (freeze)
Press: ? - help, Q - select action, (/) - cycle Shift-Dir - straight line, f/p - Menkaure
Aim: Menkaure (heavily damaged, fast, 76% to hit)
You shoot a sling bullet. The sling bullet hits Menkaure.
The sling bullet freezes Menkaure.
Menkaure is severely damaged.
Menkaure closely misses you.
Fire: d) +2 sling (freeze)
Press: ? - help, Q - select action, (/) - cycle Shift-Dir - straight line, f/p - Menkaure
Aim: Menkaure (severely damaged, fast, 76% to hit)
You shoot a sling bullet. The sling bullet hits Menkaure.
Menkaure is almost destroyed.
Menkaure hits you!!
You die...

#..##..##..####..##..##..##
..##..##..##.!##..##..##..##
.##..##..## ∆?!##..##..##..##
##..##..##∆ ∆ .?##..##..##..##
#..##..## ∆ ∆..##..##..##..##
..##..## ∆∆ ..##..##..##..##
.##..## ∆∆ ..##..##^.##..##
##..##############''##..##..##..#
#...............@MM..##..##..##..
########################..##..##.
...........................##..##
##############################..#
.................................
#################################


You could see Menkaure (fast) and a mummy.

Vanquished Creatures
  Ijyb (D:3)
  2 orc wizards (D:3)
  A mummy (Ossuary)
  6 adders
  A white imp (D:3)
  2 worms
  7 orcs (D:3)
  8 ball pythons
  8 endoplasms
  A giant cockroach (D:1)
  4 gnoll zombies (Ossuary)
  7 goblins
  6 hobgoblins
  2 quokkas
  4 bats
  4 frilled lizards
  5 goblin skeletons (Ossuary)
  2 goblin zombies (Ossuary)
  6 hobgoblin skeletons (Ossuary)
  3 hobgoblin zombies (Ossuary)
  5 kobolds
  4 kobold skeletons (Ossuary)
  5 kobold zombies (Ossuary)
  5 orc skeletons (Ossuary)
  4 orc zombies (Ossuary)
  7 rats
  3 rat skeletons (Ossuary)
  6 rat zombies (Ossuary)
119 creatures vanquished.

Vanquished Creatures (collateral kills)
  An adder (D:2)
1 creature vanquished.

Grand Total: 120 creatures vanquished

Notes
Turn   | Place    | Note
-------+----------+-------------------------------------------
     0 | D:1      | Manisian the Gnoll Arcane Marksman began the quest for the
                  | Orb.
     0 | D:1      | Reached XP level 1. HP: 17/17 MP: 4/4
   344 | D:1      | Found Epsed's Armour Boutique.
   376 | D:1      | Reached XP level 2. HP: 23/23 MP: 5/5
   493 | D:1      | Found Gatwe's Armour Shop.
   651 | D:1      | Reached XP level 3. HP: 27/28 MP: 7/7
   805 | D:1      | Found Zoageak's Armour Shoppe.
  1272 | D:2      | Reached skill level 1 in Invocations
  1367 | D:2      | Reached skill level 1 in Short Blades
  1367 | D:2      | Reached skill level 1 in Long Blades
  1367 | D:2      | Reached skill level 1 in Axes
  1367 | D:2      | Reached skill level 1 in Maces & Flails
  1367 | D:2      | Reached skill level 1 in Polearms
  1367 | D:2      | Reached skill level 1 in Staves
  1367 | D:2      | Reached skill level 1 in Throwing
  1367 | D:2      | Reached skill level 1 in Armour
  1367 | D:2      | Reached skill level 1 in Stealth
  1367 | D:2      | Reached skill level 1 in Shields
  1367 | D:2      | Reached skill level 1 in Unarmed Combat
  1367 | D:2      | Reached skill level 1 in Evocations
  1485 | D:2      | Reached XP level 4. HP: 27/34 MP: 3/8
  1767 | D:2      | Reached skill level 1 in Conjurations
  1767 | D:2      | Reached skill level 1 in Summonings
  1767 | D:2      | Reached skill level 1 in Necromancy
  1767 | D:2      | Reached skill level 1 in Translocations
  1767 | D:2      | Reached skill level 1 in Transmutations
  1767 | D:2      | Reached skill level 1 in Fire Magic
  1767 | D:2      | Reached skill level 1 in Ice Magic
  1767 | D:2      | Reached skill level 1 in Air Magic
  1767 | D:2      | Reached skill level 1 in Earth Magic
  1767 | D:2      | Reached skill level 1 in Poison Magic
  1775 | D:2      | Learned a level 1 spell: Necrotise
  2187 | D:3      | Found Zuten's Book Emporium.
  2257 | D:3      | Reached XP level 5. HP: 34/40 MP: 3/9
  2450 | D:3      | Noticed Ijyb
  2457 | D:3      | Killed Ijyb
  2920 | D:3      | Found an ornate altar of the Wu Jian Council.
  3297 | D:4      | Found a sand-covered staircase.
  3302 | Ossuary  | Entered an ossuary
  3341 | Ossuary  | Reached XP level 6. HP: 47/47 MP: 11/11
  3408 | Ossuary  | Learned a level 3 spell: Portal Projectile
  3742 | Ossuary  | Noticed Menkaure
  3745 | Ossuary  | Reached skill level 5 in Ranged Weapons
  3745 | Ossuary  | Reached skill level 5 in Dodging
  3754 | Ossuary  | Slain by Menkaure

Illustrated notes

Levels and vault maps discovered:
D:1:      minmay_arrival_widening_spiral_narrow, layout_basic, serial_shops,
          nicolae_lakefront_shop, nicolae_shop_temple_entry_statues_fountains,
          nicolae_shop_crystal, minmay_surrounded
D:2:      minmay_chambers_of_ones, layout_basic
D:3:      layout_loops_ring, nicolae_wu_jian_glorious_leap, serial_shops,
          nicolae_shop_statue_plus, grunt_ministairs_12, uniq_ijyb
D:4:      layout_gridville, serial_shops, nicolae_shop_hallway_stairs,
          nicolae_ossuary_entry_plus, grunt_decor_one_mirror
Ossuary:  ossuary_due_pyramid

Skill      XL: |  1  2  3  4  5  6 |
---------------+-------------------+-----
Invocations    | 1 2 |  2.1
Short Blades   | 1 2 |  2.0
Long Blades    | 1 2 |  2.0
Axes           | 1 2 |  2.0
Maces & Flails | 1 2 |  2.0
Polearms       | 1 2 |  2.0
Staves         | 1 2 |  2.0
Throwing       | 1 2 |  2.0
Armour         | 1 2 |  2.0
Stealth        | 1 2 |  2.0
Shields        | 1 2 |  2.0
Unarmed Combat | 1 2 |  2.0
Evocations     | 1 2 |  2.0
Spellcasting   | 3 |  3.4
Conjurations   | 1 |  1.5
Summonings     | 1 |  1.5
Necromancy     | 1 |  1.5
Translocations | 1 |  1.5
Transmutations | 1 |  1.5
Fire Magic     | 1 |  1.5
Ice Magic      | 1 |  1.5
Air Magic      | 1 |  1.5
Earth Magic    | 1 |  1.5
Poison Magic   | 1 |  1.5
Fighting       | 3 |  3.2
Ranged Weapons | 5 |  5.0
Dodging        | 5 |  5.0
Hexes          | |  5.6

Action                   |  1- 3 |  4- 6 || total
-------------------------+-------+-------++-------
 Fire: Sling             |    86 |   248 ||   334
 Cast: Slow              |    12 |     1 ||    13
       Necrotise         |       |    16 ||    16
       Portal Projectile |       |     1 ||     1
Evoke: Wand              |       |     2 ||     2
  Use: Scroll            |     4 |     6 ||    10
Armor: Robe              |     6 |     9 ||    15
Dodge: Dodged            |    24 |    44 ||    68

Table legend: (Time is in decaauts)
 A = Elapsed time spent in this place.
 B = Non-inter-level travel time spent in this place.
 C = Inter-level travel time spent in this place.
 D = Time resting spent in this place.
 E = Time spent auto-exploring this place.
 F = Levels seen in this place.
 G = Mean time per level.
                   A        B        C        D        E       F      G
               +--------+--------+--------+--------+--------+-----+--------+
         Total |   3806 |   3555 |    251 |    140 |   2644 |   5 |  761.2 |
       Dungeon |   3333 |   3082 |    251 |    140 |   2373 |   4 |  833.2 |
       Ossuary |    473 |    473 |      0 |      0 |    271 |   1 |  473.0 |
               +--------+--------+--------+--------+--------+-----+--------+

Top non-repeatable levels by time:
     D:1: 1145 daAuts
     D:3: 1121 daAuts
     D:2: 977 daAuts
 Ossuary: 473 daAuts
     D:4: 89 daAuts
